 Dungeon Crawl Stone Soup version 0.25.0-26-g0c896c7088 (webtiles) character file.

Game seed: 9487332227792086964

399 MisterFreud the Chiller (level 6, -3/47 HPs)
             Began as a Demonspawn Ice Elementalist on July 5, 2020.
             Slain by an ice beast (10 damage)
             ... on level 5 of the Dungeon.
             The game lasted 00:10:41 (4725 turns).

MisterFreud the Chiller (DsIE)                      Turns: 4725, Time: 00:10:42

Health: -3/47      AC:  2    Str:  8    XL:     6   Next: 54%
Magic:  11/11      EV: 12    Int: 18    God:
Gold:   242        SH:  0    Dex: 14    Spells: 8/12 levels left

rFire    . . .     SeeInvis .     - Unarmed
rCold    . . .     Gourm    .   (no shield)
rNeg     . . .     Faith    .   a - +0 robe
rPois    .         Spirit   .   (helmet restricted)
rElec    .         Reflect  .   (no cloak)
rCorr    .         Harm     .   (no gloves)
MR       .....                  (no boots)
Stlth    ++........             (no amulet)
HPRegen  0.15/turn              f - +4 ring of slaying
MPRegen  0.12/turn              (no ring)

@: brilliant, about to teleport
A: horns 2, powered by death 1
a: no special abilities


You were on level 5 of the Dungeon.
You were not hungry.

You visited 1 branch of the dungeon, and saw 5 of its levels.

You collected 242 gold pieces.

Inventory:

Armour
 a - a +0 robe (worn)
 j - a +1 kite shield
Jewellery
 f - a +4 ring of slaying (left hand)
Wands
 d - a wand of paralysis (6)
Scrolls
 e - a scroll of enchant armour
 h - 3 scrolls of remove curse
 i - a scroll of teleportation
Potions
 b - a potion of might {unknown}
 g - a potion of degeneration {unknown}
 k - a potion of magic {unknown}
 l - 5 potions of brilliance
 m - 2 potions of heal wounds {unknown}
 n - a potion of mutation {unknown}
 o - a potion of lignification {unknown}
 q - 2 potions of curing {unknown}
 r - a potion of berserk rage {unknown}
 s - a potion of resistance {unknown}
Comestibles
 c - 4 rations
 p - 4 chunks of flesh


   Skills:
 - Level 3.0 Fighting
 - Level 1.7 Dodging
 - Level 1.7 Stealth
 + Level 2.8 Unarmed Combat
 + Level 3.6 Spellcasting
 + Level 4.8 Ice Magic


You had 8 spell levels left.
You knew the following spells:

 Your Spells              Type           Power        Failure   Level  Hunger
a - Freeze                Ice            ####         2%          1    None
b - Frozen Ramparts       Ice            ####..       6%          3    None

Your spell library contained the following spells:

 Spells                   Type           Power        Failure   Level  Hunger
 Ozocubu's Armour         Chrm/Ice       ###.....     17%         3    None
 Hailstorm                Conj/Ice       ###.....     50%         4    None
 Summon Ice Beast         Ice/Summ       ###.....     50%         4    None


Dungeon Overview and Level Annotations

Branches:
Dungeon (5/15)
 Temple: D:4-7

Altars:
Ashenzari
Fedhas
Qazlal

Annotations:
D:3 Grinder
D:4 Menkaure


Innate Abilities, Weirdness & Mutations

You have a pair of horns on your head.
You regenerate a little health from kills.


Message History

The ice beast is heavily wounded.
The ice beast hits you but does no damage.
You closely miss the ice beast. You headbutt the ice beast.
The ice beast is heavily wounded.
The ice beast closely misses you.
You hit the ice beast but do no damage.
The ice beast is heavily wounded.
The ice beast hits you. The ice beast freezes you.
You completely miss the ice beast.
The ice beast is heavily wounded.
The ice beast hits you. The ice beast freezes you!
* * * LOW HITPOINT WARNING * * *
It was a potion of brilliance.
You feel clever all of a sudden.
The ice beast hits you but does no damage.
As you read the scroll of teleportation, it crumbles to dust.
You feel strangely unstable. The ice beast hits you.
* * * LOW HITPOINT WARNING * * *
The ice beast freezes you!
You die...

##.###.###.# #.#
#.##...##.###.#
##.............#
#...#...##.#####
#.......##.# #...###.##.#
#.....#.##.# ###.#
#.#.##.# #### ...
#...@Y.# #...
#.###.#.######## #.##
#....)#........# #.##
###.##########.#######.##
#.รท............(.....##
################.####..
#.# #.. #.####.. #......#


You could see an ice beast.

Vanquished Creatures
  Eustachio (D:3)
  A howler monkey (D:5)
  2 worker ants
  9 adders
  A shadow imp (D:5)
  4 worms
  4 leopard geckos
  5 orcs (D:3)
  A ball python (D:2)
  2 giant cockroaches (D:2)
  6 goblins
  4 hobgoblins
  3 jackals (D:2)
  7 kobolds
  A quokka (D:2)
  6 bats
  9 frilled lizards
  A jackal skeleton (D:4)
  A leopard gecko zombie (D:5)
  10 rats
78 creatures vanquished.

Vanquished Creatures (others)
  2 fungi (D:2)
2 creatures vanquished.

Grand Total: 80 creatures vanquished

Notes
Turn   | Place    | Note
-------+----------+-------------------------------------------
     0 | D:1      | MisterFreud the Demonspawn Ice Elementalist began the quest
                  | for the Orb.
     0 | D:1      | Reached XP level 1. HP: 13/13 MP: 3/3
    29 | D:1      | Reached skill level 1 in Fighting
   596 | D:1      | Gained mutation: You regenerate a little health from kills.
                  | [demonic ancestry]
   596 | D:1      | Reached XP level 2. HP: 22/22 MP: 3/5
  1173 | D:1      | Found a shattered altar of Ashenzari.
  1479 | D:2      | Reached XP level 3. HP: 28/28 MP: 1/6
  1485 | D:2      | Learned a level 3 spell: Frozen Ramparts
  2081 | D:2      | Reached XP level 4. HP: 35/35 MP: 0/7
  2243 | D:2      | Reached skill level 1 in Unarmed Combat
  2365 | D:2      | Found a blossoming altar of Fedhas.
  2389 | D:2      | Found a stormy altar of Qazlal.
  2672 | D:3      | Reached skill level 4 in Ice Magic
  3323 | D:3      | Noticed Grinder
  3360 | D:4      | Gained mutation: You have a pair of small horns on your
                  | head. [demonic ancestry]
  3360 | D:4      | Reached XP level 5. HP: 39/41 MP: 0/9
  3467 | D:4      | Noticed Menkaure
  3482 | D:4      | HP: 1/41 [Menkaure/nerve-wracking pain (12)]
  4054 | D:3      | Found a faded altar of an unknown god.
  4158 | D:4      | Noticed Eustachio
  4220 | D:3      | Killed Eustachio
  4220 | D:3      | Gained mutation: You have a pair of horns on your head.
                  | [demonic ancestry]
  4220 | D:3      | Reached XP level 6. HP: 17/47 MP: 2/11
  4413 | D:5      | Entered Level 5 of the Dungeon
  4684 | D:5      | Noticed an ice beast
  4725 | D:5      | Slain by an ice beast

Illustrated notes

Levels and vault maps discovered:
D:1:      minmay_arrival_semitransparent, layout_basic,
          minmay_misc_feat_hallway, nrook_mini_backslash, ashenzari_altar_1
D:2:      layout_basic, grunt_temple_overflow_forces_of_nature,
          kennysheep_path_1
D:3:      layout_basic, chequers_ecumenical_altar_simple_redux, uniq_grinder
D:4:      layout_cave_pools, minmay_temple_entry_trees, first_ration,
          uniq_eustachio, uniq_menkaure
D:5:      layout_loops_ring

Skill      XL: |  1  2  3  4  5 |
---------------+----------------+-----
Fighting       | 1 2 3 |  3.0
Unarmed Combat | 1 2 |  2.8
Ice Magic      | 4 |  4.8
Spellcasting   | 3 |  3.6
Dodging        | |  1.7
Stealth        | |  1.7

Action                   |  1- 3 |  4- 6 || total
-------------------------+-------+-------++-------
Melee: Club              |    28 |    31 ||    59
       Unarmed           |     2 |    34 ||    36
       Headbutt          |       |     5 ||     5
 Cast: Freeze            |    36 |     8 ||    44
       Frozen Ramparts   |     6 |    15 ||    21
  Use: Scroll            |       |     6 ||     6
       Potion            |       |     1 ||     1
 Stab: Sleeping          |     1 |     1 ||     2
  Eat: Chunk             |     5 |     7 ||    12
       Ration            |       |     1 ||     1
Armor: Robe              |     5 |    11 ||    16
Dodge: Dodged            |    41 |    63 ||   104
